 Dungeon Crawl Stone Soup version 0.22.0 (webtiles) character file.

1974 Kirk the Destroyer (level 9, 57/57 HPs)
             Began as a Demonspawn Wizard on Aug 12, 2018.
             Was a Follower of Vehumet.
             Quit the game on level 7 of the Dungeon.
             The game lasted 00:22:51 (7388 turns).

Kirk the Destroyer (Demonspawn Wizard)              Turns: 7388, Time: 00:22:51

Health: 57/57      AC:  5    Str:  7    XL:     9   Next: 0%
Magic:  12/19      EV: 12    Int: 23    God:    Vehumet [*.....]
Gold:   346        SH:  0    Dex: 12    Spells: 13/22 levels left

rFire    . . .     SeeInvis .   r - +2 spear (venom)
rCold    . . .     Gourm    .   (no shield)
rNeg     . . .     Faith    .   a - +0 robe
rPois    .         Spirit   .   b - +1 hat
rElec    .         Reflect  .   (no cloak)
rCorr    .         Harm     .   (no gloves)
MR       +....                  (no boots)
Stlth    ++........             (no amulet)
HPRegen  0.19/turn              p - ring of protection from magic
MPRegen  0.16/turn              (no ring)

@: no status effects
A: antennae 2, molten scales 1, powered by pain 1, spiny 1
a: Renounce Religion


You were on level 7 of the Dungeon.
You worshipped Vehumet.
Vehumet was aware of your devotion.
You were not hungry.

You visited 2 branches of the dungeon, and saw 8 of its levels.
You also visited: Ossuary.

You collected 346 gold pieces.

Inventory:

Hand Weapons
 o - a +2 dagger of venom
 r - a +2 spear of venom (weapon)
 y - the +7 dagger of the Head {vamp, rElec rC+ Str+4}
   (You found it on level 6 of the Dungeon)

   It inflicts no extra harm, but heals its wielder when it wounds a living foe.
   It affects your strength (+4).
   It protects you from cold.
   It insulates you from electricity.
Missiles
 e - 5 tomahawks (quivered)
 l - 6 curare-tipped needles
 s - 8 needles of confusion
 u - 26 poisoned needles
Armour
 a - a +0 robe (worn)
 b - a +1 hat (worn)
 w - a +2 shield
 z - a +0 buckler
Jewellery
 p - a ring of protection from magic (left hand)
Wands
 x - a wand of iceblast (5)
Scrolls
 c - a scroll of blinking
 g - a scroll of enchant armour
 i - 4 scrolls of remove curse
 n - 3 scrolls of teleportation
 v - a scroll of amnesia
 A - a scroll of fear
Potions
 f - a potion of flight
 h - a potion of haste
 j - a potion of cancellation
 k - 4 potions of might
 m - 2 potions of brilliance
 q - 2 potions of lignification
 t - 5 potions of curing
Comestibles
 d - 6 rations


   Skills:
 + Level 2.6 Short Blades
 - Level 1.7 Dodging
 - Level 1.7 Stealth
 + Level 7.1 Spellcasting
 * Level 8.5 Conjurations
   Level 1.0 Summonings
 - Level 2.0 Translocations
 - Level 0.1 Poison Magic
 - Level 0.2 Evocations


You had 13 spell levels left.
You knew the following spells:

 Your Spells              Type           Power        Failure   Level  Hunger
a - Magic Dart            Conj           ####         1%          1    None
b - Blink                 Tloc           N/A          4%          2    None
c - Conjure Flame         Conj/Fire      ####....     3%          3    None
d - Mephitic Cloud        Conj/Pois/Air  ###.....     7%          3    None

Your spell library contained the following spells:

 Spells                   Type           Power        Failure   Level  Hunger
 Slow                     Hex            #.......     12%         2    None
 Confuse                  Hex            #.......     22%         3    None
 Call Imp                 Summ           ##......     8%          2    None
 Tukima's Dance           Hex            #.......     22%         3    None
 Spider Form              Tmut/Pois      #.........   22%         3    None
 Blade Hands              Tmut           #.........   91%         5    #####..
 Ice Form                 Ice/Tmut       #.......     58%         4    ###....
 Sticks to Snakes         Tmut           #.......     12%         2    None
 Ensorcelled Hibernation  Hex/Ice        #.....       12%         2    None
 Corona                   Hex            #......      8%          1    None
 Beastly Appendage        Tmut           #.....       8%          1    None
 Dazzling Spray           Conj/Hex       ####..       4%          3    None


Dungeon Overview and Level Annotations

Branches:
Dungeon (7/15)             Temple (1/1) D:5

Altars:
Ashenzari
Dithmenos
Fedhas
Hepliaklqana
Kikubaaqudgha
Okawaru
Sif Muna
Vehumet
Yredelemnul

Annotations:
D:4 Menkaure
D:7 exclusion: oklob plant


Innate Abilities, Weirdness & Mutations

You have a pair of antennae on your head.
You are partially covered in molten scales. (AC +2)
You sometimes gain a little power by taking damage.
You are partially covered in sharp spines.


Message History

The ooze completely misses the fungus.
The ooze hits the fungus.
Casting: Conjure Flame (safe; 4% risk of failure)
Confirm with . or Enter, or press ? or * to list all spells.
Aiming: Conjure Flame (safe; 4% risk of failure)
Press: ? - help, Dir - move target cursor The fire ignites!
The jelly is engulfed in blazing flames.
You kill the jelly!
Vehumet accepts your kill.
You have reached level 9!
Your experience leads to an increase in your attributes!
Increase (S)trength, (I)ntelligence, or (D)exterity?
You feel clever.
Your demonic ancestry asserts itself...
Sharp spines emerge from parts of your body.
Something hits the fungus. x2; The ooze hits the fungus.
Something hits the fungus.
The fungus is splashed with acid.
The acid corrodes the fungus!
The jelly hits the fungus.
The fungus is splashed with acid.
The acid corrodes the fungus!
Something hits the fungus.
The ooze hits the fungus. x2
Are you sure you want to abandon this character and quit the game? (Confirm with "yes".) ### #JJJ# ####.PJJJJ #.§J.PPPPJ #@##{JPJJP ###########.# #JPJ#

#...........#
###
.#####.#####
#.#####.#
#.......#
#....(#..#
#.###.#..##+##
#....<...#


You could see an oklob plant, a jelly and 6 oozes.

Vanquished Creatures
  A sky beast (D:6)
  An orc warrior (D:6)
  3 ogres
  A centaur (D:6)
  A bullfrog (D:5)
  3 water moccasin zombies (Ossuary)
  2 scorpions
  5 killer bees
  3 wights (D:6)
  3 crimson imps
  An orc priest (D:6)
  3 hounds
  2 jellies
  An iguana (D:5)
  2 orc wizards
  2 worker ants
  2 big kobold zombies (Ossuary)
  2 mummies (Ossuary)
  12 gnolls
  7 adders
  An ooze (D:3)
  6 adder zombies (Ossuary)
  4 worms
  2 dart slugs
  3 leopard geckos
  11 orcs
  9 bats
  7 giant cockroaches
  7 gnoll zombies (Ossuary)
  14 goblins
  10 hobgoblins
  6 jackals
  11 kobolds
  3 quokkas (D:3)
  8 frilled lizards
  4 hobgoblin zombies (Ossuary)
  3 jackal skeletons
  2 kobold zombies (Ossuary)
  An orc zombie (Ossuary)
  A quokka zombie (D:5)
  11 rats
  A spectral orc (D:4)
182 creatures vanquished.

Vanquished Creatures (others)
  An orc zombie (Ossuary)
1 creature vanquished.

Grand Total: 183 creatures vanquished

Notes
Turn   | Place    | Note
-------+----------+-------------------------------------------
     0 | D:1      | Kirk the Demonspawn Wizard began the quest for the Orb.
     0 | D:1      | Reached XP level 1. HP: 13/13 MP: 4/4
   178 | D:1      | Gained mutation: You are partially covered in molten scales. (AC +2) [demonic ancestry]
   178 | D:1      | Reached XP level 2. HP: 19/19 MP: 3/6
   772 | D:1      | Reached XP level 3. HP: 22/24 MP: 0/8
  1332 | D:2      | Learned a level 2 spell: Blink
  1336 | D:2      | Learned a level 3 spell: Conjure Flame
  1340 | D:2      | Learned a level 3 spell: Mephitic Cloud
  1395 | D:2      | Reached skill level 2 in Conjurations
  1434 | D:2      | Reached skill level 1 in Short Blades
  1783 | D:2      | Reached XP level 4. HP: 23/30 MP: 1/9
  2468 | D:2      | Gained mutation: You sometimes gain a little power by taking damage. [demonic ancestry]
  2468 | D:2      | Reached XP level 5. HP: 35/35 MP: 6/11
  2588 | D:2      | Reached skill level 3 in Conjurations
  2855 | D:3      | Reached skill level 1 in Translocations
  3069 | D:3      | Found a shattered altar of Ashenzari.
  3499 | D:4      | Found a basalt altar of Yredelemnul.
  3877 | D:4      | Noticed Menkaure
  4183 | D:5      | Entered Level 5 of the Dungeon
  4251 | D:5      | Noticed an ogre
  4261 | D:5      | Killed an ogre
  4261 | D:5      | Reached skill level 4 in Conjurations
  4261 | D:5      | Gained mutation: You have a pair of small antennae on your head. [demonic ancestry]
  4261 | D:5      | Reached XP level 6. HP: 41/41 MP: 1/13
  4418 | D:5      | Found a sand-covered staircase.
  4423 | Ossuary  | Entered an ossuary
  4462 | Ossuary  | Reached skill level 5 in Spellcasting
  4518 | Ossuary  | Reached XP level 7. HP: 40/46 MP: 10/14
  4929 | Ossuary  | Reached skill level 5 in Conjurations
  5545 | D:5      | Reached skill level 6 in Conjurations
  5748 | D:5      | Found a staircase to the Ecumenical Temple.
  5886 | Temple   | Entered the Ecumenical Temple
  5895 | Temple   | Became a worshipper of Vehumet
  5954 | D:6      | Gained mutation: You have a pair of antennae on your head. [demonic ancestry]
  5954 | D:6      | Reached XP level 8. HP: 52/52 MP: 4/17
  6104 | D:6      | Reached skill level 7 in Conjurations
  6109 | D:6      | Got an ichor-stained dagger
  6704 | D:6      | Reached * piety under Vehumet
  6704 | D:6      | Offered knowledge of Sandblast by Vehumet.
  6728 | D:5      | Reached skill level 8 in Conjurations
  7369 | D:6      | Identified the +7 dagger of the Head {vamp, rElec rC+ Str+4} (You found it on level 6 of the Dungeon)
  7384 | D:7      | Noticed an oklob plant
  7387 | D:7      | Gained mutation: You are partially covered in sharp spines. [demonic ancestry]
  7387 | D:7      | Reached XP level 9. HP: 57/57 MP: 12/19
  7388 | D:7      | Quit the game

Skill      XL: |  1  2  3  4  5  6  7  8 |
---------------+-------------------------+-----
Conjurations   | 2 4 6 8 |  8.5
Short Blades   | 1 2 |  2.6
Spellcasting   | 4 5 6 7 |  7.1
Translocations | 1 2 |  2.0
Dodging        | |  1.7
Stealth        | |  1.7
Summonings     | |  1.0
Poison Magic   | |  0.1
Evocations     | |  0.2

Action                   |  1- 3 |  4- 6 |  7- 9 || total
-------------------------+-------+-------+-------++-------
Melee: Dagger            |   100 |    80 |    15 ||   195
       Spear             |       |     8 |   178 ||   186
 Cast: Magic Dart        |   101 |   118 |   141 ||   360
       Mephitic Cloud    |     1 |     5 |    12 ||    18
       Conjure Flame     |     1 |     4 |    19 ||    24
       Blink             |       |       |     4 ||     4
Evoke: Wand              |       |       |     4 ||     4
  Use: Scroll            |     3 |    10 |     7 ||    20
       Potion            |       |       |     4 ||     4
 Stab: Sleeping          |       |     1 |       ||     1
       Confused          |       |       |     3 ||     3
       Distracted        |       |       |     1 ||     1
  Eat: Chunk             |     2 |    10 |     3 ||    15
       Ration            |       |       |     2 ||     2
Armor: Robe              |    24 |    26 |    26 ||    76
Dodge: Dodged            |    67 |    54 |    58 ||   179
